 Dungeon Crawl Stone Soup version 0.26-a0-1129-gc5df7fbe6a (webtiles) character file.

Game seed: 17486315815436482813

344 Drevant2 the Conjurer (level 6, -1/45 HPs)
             Began as a Draconian Conjurer on Dec 18, 2020.
             Slain by a wight
             ... wielding a cursed +2 dire flail
              (15 damage)
             ... on level 4 of the Dungeon.
             The game lasted 00:18:23 (5501 turns).

Drevant2 the Conjurer (Draconian Conjurer)          Turns: 5501, Time: 00:18:24

Health: -1/45      AC:  6    Str:  9    XL:     6   Next: 31%
Magic:  4/9        EV: 12    Int: 21    God:
Gold:   184        SH:  0    Dex:  9    Spells: 6/9 levels left

rFire    . . .     SeeInvis .   f - +1 whip (flame)
rCold    . . .     Faith    .   (no shield)
rNeg     . . .     Spirit   .   (armour unavailable)
rPois    .         Reflect  .   (helmet restricted)
rElec    .         Harm     .   (no cloak)
rCorr    .         Rampage  .   (no gloves)
Will     .....                  (no boots)
Stlth    ++........             (no amulet)
HPRegen  0.15/turn              (no ring)
MPRegen  0.11/turn              (no ring)

@: no status effects
A: unfitting armour, cold-blooded, AC +6
a: no special abilities


You were on level 4 of the Dungeon.
You visited 1 branch of the dungeon, and saw 4 of its levels.

You collected 184 gold pieces.

Inventory:

Hand Weapons
 f - a +1 whip of flaming (weapon)
 k - a cursed -2 hand axe
Wands
 o - a wand of random effects (7)
Scrolls
 a - 2 scrolls of teleportation {unknown}
 b - 5 scrolls of identify {unknown}
 d - 2 scrolls of enchant weapon
 i - a scroll of fear {unknown}
 j - a scroll of magic mapping {unknown}
 l - a scroll of fog {unknown}
 n - a scroll of blinking {unknown}
Potions
 c - a potion of berserk rage {unknown}
 e - 3 potions of curing
 g - a potion of resistance {unknown}
 h - 2 potions of invisibility {unknown}
 m - a potion of attraction {unknown}
 p - a potion of haste {unknown}


   Skills:
 - Level 1.7 Dodging
 - Level 1.7 Stealth
 - Level 2.0 Spellcasting
 * Level 7.7 Conjurations


You had 6 spell levels left.
You knew the following spells:

 Your Spells              Type           Power        Failure   Level
a - Magic Dart            Conj           100%         1%          1
b - Searing Ray           Conj           68%          1%          2

Your spell library contained the following spells:

 Spells                   Type           Power        Failure   Level
 Dazzling Flash           Conj/Hex       36%          9%          3
 Fulminant Prism          Conj/Hex       9%           30%         4
 Iskenderun's Mystic Bla  Conj/Tloc      18%          30%         4


Dungeon Overview and Level Annotations

Branches:
Dungeon (4/15)
 Temple: D:4-7

Altars:
Ashenzari
Cheibriados
Qazlal
Xom

Annotations:
D:3 Sigmund
D:4 1 runed translucent door, Crazy Yiuf, Edmund


Innate Abilities, Weirdness & Mutations

Your plain brown scales are hard. (AC +6)
You cannot fit into any form of body armour.
You are cold-blooded and may be slowed by cold attacks.


Message History

Aiming: Searing Ray (safe; 1% risk of failure)
Press: ? - help, Shift-Dir - straight line, f/p - howler monkey
Aim: a howler monkey (heavily wounded, 22% to evade)
The searing ray hits the howler monkey.
The howler monkey is almost dead.
The searing ray hits the wight.
The wight is moderately damaged. (Press . to maintain the ray.)
The howler monkey hits you.
A wight comes into view. It is wielding a +2 trident.
The searing ray hits the howler monkey!
You kill the howler monkey!
The searing ray hits the wight!
The wight is severely damaged.
The searing ray hits the wight but does no damage.
The wight is severely damaged.
The searing ray hits the wight!
The wight is heavily damaged.
The wight hits you with a cursed +2 dire flail!
You die...

#.# #.# ...
#.# ### #z.
..# #.# #.#
#z# #.# #@#
#.#
#.#####.##
#........#
#######..#
...####..##
..........#
##(.......#
######.#.##
#.[###.#


You could see 2 wights.

Vanquished Creatures
  An ogre (D:4)
  A howler monkey (D:4)
  2 orc priests
  An orc wizard (D:3)
  An adder (D:2)
  A gnoll (D:1)
  An ooze (D:3)
  3 worms
  2 dart slugs
  2 leopard geckos
  10 orcs
  6 bats
  A giant cockroach (D:2)
  9 goblins
  12 hobgoblins
  4 jackals (D:3)
  3 quokkas
  A ball python (D:3)
  4 frilled lizards
  11 kobolds
  A quokka skeleton (D:4)
  10 rats
87 creatures vanquished.

Notes
Turn   | Place    | Note
-------+----------+-------------------------------------------
     0 | D:1      | Drevant2 the Draconian Conjurer began the quest for the
                  | Orb.
     0 | D:1      | Reached XP level 1. HP: 14/14 MP: 3/3
   335 | D:1      | Reached XP level 2. HP: 20/20 MP: 1/5
   905 | D:1      | HP: 1/20 [gnoll (3)]
   910 | D:1      | Reached skill level 5 in Conjurations
   910 | D:1      | Reached XP level 3. HP: 2/26 MP: 0/6
  2262 | D:2      | Found a stormy altar of Qazlal.
  2531 | D:2      | Reached XP level 4. HP: 29/33 MP: 7/7
  3135 | D:3      | Found a snail-covered altar of Cheibriados.
  3330 | D:3      | Reached skill level 6 in Conjurations
  3343 | D:3      | Reached XP level 5. HP: 5/38 MP: 8/8
  3910 | D:3      | Learned a level 2 spell: Searing Ray
  4480 | D:3      | Found a broken altar of Ashenzari.
  4481 | D:3      | Noticed Sigmund
  4898 | D:4      | Found a shimmering altar of Xom.
  4911 | D:4      | Noticed Edmund
  5011 | D:4      | Noticed an ogre
  5015 | D:4      | Killed an ogre
  5016 | D:4      | Reached skill level 7 in Conjurations
  5019 | D:4      | Reached XP level 6. HP: 45/45 MP: 1/9
  5124 | D:4      | Found a runed translucent door.
  5125 | D:4      | Noticed Crazy Yiuf
  5501 | D:4      | Slain by a wight

Illustrated notes

Levels and vault maps discovered:
D:1:      shiori_shiawase, layout_loops_corners
D:2:      layout_basic, nicolae_qazlal_general_emergency
D:3:      layout_loops_cross, overflow_temple_1_default, cheibriados_altar_1,
          uniq_sigmund
D:4:      layout_loops_ring, xom_butterflies, minmay_temple_entry_tees,
          uniq_edmund, uniq_crazy_yiuf_cottage

Skill      XL: |  1  2  3  4  5 |
---------------+----------------+-----
Conjurations   | 5 6 7 |  7.7
Dodging        | |  1.7
Stealth        | |  1.7
Spellcasting   | |  2.0

Action                   |  1- 3 |  4- 6 || total
-------------------------+-------+-------++-------
Melee: Unarmed           |    14 |       ||    14
       Tailslap          |     6 |     5 ||    11
       Whip              |    26 |    96 ||   122
 Cast: Magic Dart        |    67 |    27 ||    94
       Searing Ray       |       |     3 ||     3
  Use: Scroll            |     1 |       ||     1
       Potion            |       |     2 ||     2
 Stab: Sleeping          |     2 |     3 ||     5
Armor: Skin              |    13 |    36 ||    49
Dodge: Dodged            |    20 |    56 ||    76

Table legend: (Time is in decaauts)
 A = Elapsed time spent in this place.
 B = Non-inter-level travel time spent in this place.
 C = Inter-level travel time spent in this place.
 D = Time resting spent in this place.
 E = Time spent auto-exploring this place.
 F = Levels seen in this place.
 G = Mean time per level.
                   A        B        C        D        E       F      G
               +--------+--------+--------+--------+--------+-----+--------+
         Total |   5518 |   5083 |    435 |   1545 |   2922 |   4 | 1379.5 |
       Dungeon |   5518 |   5083 |    435 |   1545 |   2922 |   4 | 1379.5 |
               +--------+--------+--------+--------+--------+-----+--------+

Top non-repeatable levels by time:
     D:3: 1830 daAuts
     D:1: 1662 daAuts
     D:2: 1484 daAuts
     D:4: 541 daAuts
